 Dungeon Crawl Stone Soup version 0.22.0-13-g43fe8f2 (webtiles) character file.

432 digijack the Sneak (level 7, -4/50 HPs)
             Began as a Gnoll Enchanter on Aug 16, 2018.
             Was an Initiate of Sif Muna.
             Slain by a phantom (5 damage)
             ... on level 5 of the Dungeon.
             The game lasted 00:38:26 (5366 turns).

digijack the Sneak (Gnoll Enchanter)                Turns: 5366, Time: 00:38:27

Health: -4/50      AC:  4    Str: 18    XL:     7   Next: 0%
Magic:  3/15       EV: 14    Int: 20    God:    Sif Muna [......]
Gold:   54         SH:  0    Dex: 17    Spells: 6/16 levels left

rFire    . . .     SeeInvis .   c - +6 club
rCold    . . .     Gourm    .   (no shield)
rNeg     . . .     Faith    .   t - +1 robe {Archmagi}
rPois    +         Spirit   .   n - +0 helmet
rElec    .         Reflect  .   (no cloak)
rCorr    .         Harm     .   (no gloves)
MR       .....                  (no boots)
Stlth    +++.......             (no amulet)
HPRegen  0.16/turn              e - +3 ring of strength
MPRegen  0.14/turn              k - ring of poison resistance

@: mighty, drained
A: distributed training, fangs 1, hooves 1, clever 1, MP-powered wands, strong
nose
a: Renounce Religion


You were on level 5 of the Dungeon.
You worshipped Sif Muna.
Sif Muna was noncommittal.
You were not hungry.

You visited 2 branches of the dungeon, and saw 6 of its levels.

You collected 267 gold pieces.
You spent 213 gold pieces at shops.

Inventory:

Hand Weapons
 c - a +6 club (weapon)
 s - a +0 long sword of venom
Missiles
 j - 2 tomahawks (quivered)
 l - 100 stones
Armour
 n - a +0 helmet (worn)
 q - a +0 shield
 t - a +1 robe of the Archmagi (worn)
Jewellery
 e - a +3 ring of strength (left hand)
 k - a ring of poison resistance (right hand)
Wands
 b - a wand of digging (13)
Potions
 f - a potion of flight
 g - a potion of haste
 h - a potion of brilliance
 m - a potion of ambrosia
 r - a potion of resistance
Comestibles
 d - 11 rations


   Skills:
 + Level 2.1(1.5) Fighting
 + Level 3.4(2.7) Short Blades
 + Level 2.1(1.5) Long Blades
 + Level 2.1(1.5) Axes
 + Level 2.1(1.5) Maces & Flails
 + Level 2.1(1.5) Polearms
 + Level 2.1(1.5) Staves
 + Level 2.1(1.5) Slings
 + Level 2.1(1.5) Bows
 + Level 2.1(1.5) Crossbows
 + Level 2.1(1.5) Throwing
 + Level 2.1(1.5) Armour
 + Level 5.1(4.3) Dodging
 + Level 6.3(5.6) Stealth
 + Level 2.1(1.5) Shields
 + Level 2.1(1.5) Unarmed Combat
 + Level 5.4(4.7) Spellcasting
 + Level 1.7(1.1) Conjurations
 + Level 5.7(5.0) Hexes
 + Level 1.7(1.1) Charms
 + Level 1.7(1.1) Summonings
 + Level 1.7(1.1) Necromancy
 + Level 1.7(1.1) Translocations
 + Level 1.7(1.1) Transmutations
 + Level 1.7(1.1) Fire Magic
 + Level 1.7(1.1) Ice Magic
 + Level 1.7(1.1) Air Magic
 + Level 1.7(1.1) Earth Magic
 + Level 1.7(1.1) Poison Magic
 + Level 2.4(1.7) Invocations
 + Level 2.1(1.5) Evocations


You had 6 spell levels left.
You knew the following spells:

 Your Spells              Type           Power        Failure   Level  Hunger
a - Corona                Hex            #####..      1%          1    None
b - Tukima's Dance        Hex            #####...     4%          3    ##.....
c - Confuse               Hex            #####...     4%          3    ##.....
d - Dazzling Spray        Conj/Hex       ####..       11%         3    ##.....

Your spell library contained the following spells:

 Spells                   Type           Power        Failure   Level  Hunger
 Ensorcelled Hibernation  Hex/Ice        ####..       5%          2    #......


Dungeon Overview and Level Annotations

Branches:
Dungeon (5/15)             Temple (1/1) D:4

Altars:
Ashenzari
Cheibriados
Dithmenos
Fedhas
Gozag
Hepliaklqana
Kikubaaqudgha
Makhleb
Okawaru
Qazlal
Ru
Sif Muna
Trog
Uskayaw
Vehumet
Wu Jian
Xom
Yredelemnul
Zin
The Shining One

Shops:
D:4 *


Innate Abilities, Weirdness & Mutations

Your experience applies equally to all skills.
You have very sharp teeth.
Your uncanny sense of smell can sniff out nearby items.
You have large cloven feet.
Your mind is acute. (Int +2)
You expend magic power (3 MP) to strengthen your wands.


Message History

The phantom closely misses you.
Okay, then.
You aren't carrying any scrolls.
Casting: Confuse (safe; 4% risk of failure)
Confirm with . or Enter, or press ? or * to list all spells.
Okay, then.
You completely miss the phantom. Your kick misses the phantom.
The phantom is lightly damaged.
The wight barely misses you. The phantom misses you.
You sock the phantom! You bite the phantom, but do no damage.
The phantom is moderately damaged.
The wight seems less confused.
The wight closely misses you.
The phantom blinks!
You feel very mighty all of a sudden. The wight closely misses you.
The phantom hits you!
* * * LOW HITPOINT WARNING * * *
You sock the phantom! You kick the phantom.
The phantom is severely damaged.
The phantom hits you.
You die...

#.# #.###..#####.
#.#.# #.
#..###### #.#.# #
#........ #.#.#
#.###.>######
#.#. #....>.# ...
........# #.#
######... ∆ #W#
#..## #@# #..#
#z# #..# ##O##
#..#
#)z.#######).####
#...<............
#>.z####.##.####.
##### #.# # #.#
#.#


You could see a phantom, an ogre and 3 wights.

Vanquished Creatures
  Sigmund (D:3)
  A wight (D:4)
  A howler monkey (D:4)
  A crimson imp (D:4)
  An orc priest (D:3)
  A bullfrog skeleton (D:5)
  2 hound skeletons (D:4)
  Robin (D:4)
  4 adders (D:3)
  An ooze (D:2)
  2 worms
  2 dart slugs
  2 leopard geckos
  2 orcs (D:3)
  6 bats
  4 giant cockroaches
  14 goblins
  14 hobgoblins
  7 jackals
  6 kobolds
  A quokka (D:4)
  2 ball pythons
  3 frilled lizards (D:2)
  10 rats
  A butterfly (D:4)
90 creatures vanquished.

Vanquished Creatures (collateral kills)
  5 orcs (D:3)
5 creatures vanquished.

Vanquished Creatures (others)
  6 dancing weapons
6 creatures vanquished.

Grand Total: 101 creatures vanquished

Notes
Turn   | Place    | Note
-------+----------+-------------------------------------------
     0 | D:1      | digijack the Gnoll Enchanter began the quest for the Orb.
     0 | D:1      | Reached XP level 1. HP: 13/13 MP: 6/6
   258 | D:1      | Reached XP level 2. HP: 11/19 MP: 5/7
  1025 | D:2      | Reached XP level 3. HP: 25/25 MP: 6/9
  1071 | D:2      | Reached skill level 5 in Spellcasting
  1347 | D:2      | Reached skill level 6 in Stealth
  1393 | D:2      | Learned a level 3 spell: Tukima's Dance
  1397 | D:2      | Learned a level 3 spell: Confuse
  1401 | D:2      | Learned a level 3 spell: Dazzling Spray
  1622 | D:2      | Reached skill level 1 in Invocations
  1893 | D:3      | Reached skill level 1 in Fighting
  1893 | D:3      | Reached skill level 1 in Long Blades
  1893 | D:3      | Reached skill level 1 in Axes
  1893 | D:3      | Reached skill level 1 in Maces & Flails
  1893 | D:3      | Reached skill level 1 in Polearms
  1893 | D:3      | Reached skill level 1 in Staves
  1893 | D:3      | Reached skill level 1 in Slings
  1893 | D:3      | Reached skill level 1 in Bows
  1893 | D:3      | Reached skill level 1 in Crossbows
  1893 | D:3      | Reached skill level 1 in Throwing
  1893 | D:3      | Reached skill level 1 in Armour
  1893 | D:3      | Reached skill level 1 in Shields
  1893 | D:3      | Reached skill level 1 in Unarmed Combat
  1893 | D:3      | Reached skill level 1 in Evocations
  1893 | D:3      | Reached XP level 4. HP: 24/32 MP: 3/11
  2399 | D:3      | Gained mutation: Your mind is acute. (Int +2) [potion of mutation]
  2399 | D:3      | Gained mutation: You have large cloven feet. [potion of mutation]
  2399 | D:3      | Gained mutation: You expend magic power (3 MP) to strengthen your wands. [potion of mutation]
  2626 | D:3      | Reached skill level 1 in Conjurations
  2626 | D:3      | Reached skill level 1 in Charms
  2626 | D:3      | Reached skill level 1 in Summonings
  2626 | D:3      | Reached skill level 1 in Necromancy
  2626 | D:3      | Reached skill level 1 in Translocations
  2626 | D:3      | Reached skill level 1 in Transmutations
  2626 | D:3      | Reached skill level 1 in Fire Magic
  2626 | D:3      | Reached skill level 1 in Ice Magic
  2626 | D:3      | Reached skill level 1 in Air Magic
  2626 | D:3      | Reached skill level 1 in Earth Magic
  2626 | D:3      | Reached skill level 1 in Poison Magic
  2854 | D:3      | Reached XP level 5. HP: 36/37 MP: 12/12
  2981 | D:3      | Noticed Sigmund
  3002 | D:3      | Killed Sigmund
  3271 | D:3      | Found a glowing silver altar of Zin.
  3275 | D:3      | Reached XP level 6. HP: 44/44 MP: 9/13
  3625 | D:4      | Noticed Robin
  3643 | D:4      | Killed Robin
  3959 | D:4      | Found an opulent altar of Gozag.
  3960 | D:4      | Found a deep blue altar of Sif Muna.
  3964 | D:4      | Became a worshipper of Sif Muna the Loreminder
  3992 | D:4      | Reached skill level 5 in Dodging
  4195 | D:4      | Found Ulaonur's Assorted Antiques.
  4198 | D:4      | Bought a runed long sword for 136 gold pieces
  4208 | D:4      | Found a staircase to the Ecumenical Temple.
  4306 | Temple   | Entered the Ecumenical Temple
  4487 | D:4      | Found a bloodstained altar of Trog.
  4901 | D:5      | Entered Level 5 of the Dungeon
  5098 | D:4      | Bought a runed robe for 77 gold pieces
  5171 | D:4      | Reached XP level 7. HP: 16/50 MP: 9/15
  5365 | D:5      | HP: 1/50 [phantom (7)]
  5366 | D:5      | Slain by a phantom

Skill      XL: |  1  2  3  4  5  6 |
---------------+-------------------+-----
Spellcasting   | 5 |  5.4
Stealth        | 6 |  6.3
Invocations    | 1 2 |  2.4
Fighting       | 1 2 |  2.1
Long Blades    | 1 2 |  2.1
Axes           | 1 2 |  2.1
Maces & Flails | 1 2 |  2.1
Polearms       | 1 2 |  2.1
Staves         | 1 2 |  2.1
Slings         | 1 2 |  2.1
Bows           | 1 2 |  2.1
Crossbows      | 1 2 |  2.1
Throwing       | 1 2 |  2.1
Armour         | 1 2 |  2.1
Shields        | 1 2 |  2.1
Unarmed Combat | 1 2 |  2.1
Evocations     | 1 2 |  2.1
Conjurations   | 1 |  1.7
Charms         | 1 |  1.7
Summonings     | 1 |  1.7
Necromancy     | 1 |  1.7
Translocations | 1 |  1.7
Transmutations | 1 |  1.7
Fire Magic     | 1 |  1.7
Ice Magic      | 1 |  1.7
Air Magic      | 1 |  1.7
Earth Magic    | 1 |  1.7
Poison Magic   | 1 |  1.7
Short Blades   | 3 |  3.4
Dodging        | 5 |  5.1
Hexes          | |  5.7

Action                   |  1- 3 |  4- 6 |  7- 9 || total
-------------------------+-------+-------+-------++-------
Melee: Dagger            |    73 |       |       ||    73
       Bite              |     5 |    10 |     2 ||    17
       Falchion          |    19 |    75 |       ||    94
       Kick              |       |    21 |     1 ||    22
       Club              |       |    25 |     9 ||    34
       Punch             |       |     3 |       ||     3
Throw: Tomahawk          |       |     1 |       ||     1
 Cast: Corona            |    20 |       |       ||    20
       Confuse           |     6 |     5 |     2 ||    13
       Tukima's Dance    |       |    13 |     3 ||    16
       Dazzling Spray    |       |    14 |       ||    14
  Use: Potion            |     3 |     4 |     3 ||    10
       Scroll            |     4 |     9 |       ||    13
 Stab: Sleeping          |    12 |     3 |       ||    15
       Confused          |     1 |     2 |       ||     3
  Eat: Chunk             |     2 |    12 |       ||    14
       Ration            |       |       |     1 ||     1
Armor: Robe              |     5 |    22 |     7 ||    34
Dodge: Dodged            |    50 |    96 |    20 ||   166
       Rpst.: Falchion   |     3 |    26 |       ||    29
